 Dungeon Crawl Stone Soup version 0.23-a0-550-g7de1f8e (webtiles) character file.

65 DancingWithDeath the Vexing (level 3, 0/19 HPs)
             Began as a Deep Elf Enchanter on Dec 8, 2018.
             Slain by a quokka (5 damage)
             ... on level 2 of the Dungeon.
             The game lasted 00:03:31 (3223 turns).

DancingWithDeath the Vexing (Deep Elf Enchanter)    Turns: 3223, Time: 00:03:32

Health: 0/19       AC:  2    Str:  5    XL:     3   Next: 92%
Magic:  7/10       EV: 13    Int: 19    God:
Gold:   114        SH:  0    Dex: 16    Spells: 0/9 levels left

rFire    . . .     SeeInvis .   a - +1 dagger
rCold    . . .     Gourm    .   (no shield)
rNeg     . . .     Faith    .   g - +0 robe (curse)
rPois    .         Spirit   .   (no helmet)
rElec    .         Reflect  .   (no cloak)
rCorr    .         Harm     .   (no gloves)
MR       .....                  (no boots)
Stlth    +++.......             (no amulet)
HPRegen  0.06/turn              (no ring)
MPRegen  0.12/turn              (no ring)

@: no status effects
A: no striking features
a: no special abilities


You were on level 2 of the Dungeon.
You were not hungry.

You visited 1 branch of the dungeon, and saw 3 of its levels.

You collected 114 gold pieces.

Inventory:

Hand Weapons
 a - a +1 dagger (weapon)
Missiles
 l - 39 stones (quivered)
Armour
 b - a +0 robe
 g - a cursed +0 robe (worn)
Scrolls
 d - 3 scrolls of identify {unknown}
 e - a scroll of immolation {unknown}
 f - a scroll of enchant weapon {unknown}
 h - a scroll of fog {unknown}
 i - a scroll of amnesia {unknown}
 k - a scroll of enchant armour {unknown}
 n - a scroll of blinking {unknown}
 o - a scroll of fear {unknown}
 p - a scroll of noise {unknown}
Potions
 j - a potion of brilliance {unknown}
 m - a potion of flight {unknown}
Comestibles
 c - 4 rations


   Skills:
 + Level 1.8 Short Blades
 - Level 2.4 Dodging
 + Level 4.2 Stealth
 + Level 3.7 Spellcasting
 * Level 5.2 Hexes


You couldn't memorise any spells.
You knew the following spells:

 Your Spells              Type           Power        Failure   Level  Hunger
a - Ensorcelled Hibernat  Hex/Ice        ##....       8%          2    ##.....
b - Confuse               Hex            ###.....     4%          3    ###....
c - Corona                Hex            ###....      1%          1    None
d - Tukima's Dance        Hex            ###.....     4%          3    ###....

Your spell library contained the following spells:

 Spells                   Type           Power        Failure   Level  Hunger
 Dazzling Spray           Conj/Hex       ##....       14%         3    ###....


Dungeon Overview and Level Annotations

Branches:
Dungeon (3/15)

Altars:


Message History

Confirm with . or Enter, or press ? or * to list all spells.
Aiming: Ensorcelled Hibernation (safe; 8% risk of failure)
Press: ? - help, Shift-Dir - straight line, f - quokka
Aim: a quokka (heavily wounded, chance to defeat MR: 62%)
The quokka resists with significant effort.
The quokka bites you.
You hit the quokka.
The quokka is almost dead.
The quokka barely misses you.
You barely miss the quokka.
The quokka is almost dead.
The quokka closely misses you.
You barely miss the quokka.
The quokka is almost dead.
The quokka bites you.
* * * LOW HITPOINT WARNING * * *
You miss the quokka.
The quokka is almost dead.
The quokka barely misses you. The quokka bites you.
You die...

#.........#....#......#
#.....###..........####
#..................#
###########...#....######
#.............###
########
#.#.#.##.####...#
#......# #.#......# #.#.#
#......# #....r#### #.#.#
#......# ###.@## ###.#
#......# #### #.#
#......###### #.#
###......#....# #.#
......รท..#.##.#######
#.# ##.......#.##.......#
#####.#
##(......#.##.......#
#.....#
##.........###......#
#.##### ##.......#.#
#......# #.#


You could see a quokka.

Vanquished Creatures
  An ooze (D:1)
  2 dart slugs (D:1)
  4 leopard geckos
  6 bats
  3 giant cockroaches
  5 goblins
  7 hobgoblins
  4 jackals (D:1)
  A ball python (D:3)
  3 frilled lizards
  5 kobolds
  7 rats
48 creatures vanquished.

Notes
Turn   | Place    | Note
-------+----------+-------------------------------------------
     0 | D:1      | DancingWithDeath the Deep Elf Enchanter began the quest for
                  | the Orb.
     0 | D:1      | Reached XP level 1. HP: 10/10 MP: 6/6
   274 | D:1      | Reached XP level 2. HP: 3/15 MP: 8/8
   512 | D:1      | Learned a level 2 spell: Ensorcelled Hibernation
  1117 | D:1      | Reached XP level 3. HP: 17/19 MP: 9/9
  2188 | D:2      | Reached skill level 5 in Hexes
  3033 | D:2      | Learned a level 3 spell: Confuse
  3037 | D:2      | Learned a level 3 spell: Tukima's Dance
  3223 | D:2      | Slain by a quokka

Vault maps used:
D:1:      eino_arrival_tree_alley
D:3:      nicolae_gozag_zags_fifth_avenue, grunt_temple_overflow_diamond,
          first_ration, uniq_grinder, uniq_terence, uniq_ijyb

Skill      XL: |  1  2  3 |
---------------+----------+-----
Stealth        | 4 |  4.2
Hexes          | 5 |  5.2
Short Blades   | |  1.8
Dodging        | |  2.4
Spellcasting   | |  3.7

Action                   || total
-------------------------++-------
Melee: Dagger            ||   203
 Cast: Ensorcelled Hiber ||     8
 Stab: Sleeping          ||    16
       Distracted        ||     1
  Eat: Chunk             ||     4
       Ration            ||     1
Armor: Robe              ||    46
Dodge: Dodged            ||   134

Table legend:
 A = Non-vault XP
 B = Vault XP
 C = Vault XP percentage of total XP
 D = Non-vault monster count
 E = Vault monster count
 F = Vault count percentage of total count
                 A         B        C        D         E       F
            +---------+---------+-------+---------+---------+-------
      Total |      93 |       0 |   0.0 |      48 |       0 |   0.0
            +---------+---------+-------+---------+---------+-------
        D:1 |      53 |       0 |   0.0 |      25 |       0 |   0.0
        D:2 |      32 |       0 |   0.0 |      18 |       0 |   0.0
        D:3 |       8 |       0 |   0.0 |       5 |       0 |   0.0
            +---------+---------+-------+---------+---------+-------
